 Dungeon Crawl Stone Soup version 0.26-a0-651-gb41185065b (webtiles) character file.

Game seed: 10987520994759202263

529 Flugslaktarn the Chopper (level 7, -4/66 HPs)
             Began as a Deep Dwarf Fighter on Oct 6, 2020.
             Was an Initiate of Makhleb.
             Killed from afar by Maggie (13 damage)
             ... with a bolt of fire
             ... on level 6 of the Dungeon.
             The game lasted 00:01:27 (2082 turns).

Flugslaktarn the Chopper (Deep Dwarf Fighter)       Turns: 2082, Time: 00:01:27

Health: -4/66      AC: 12    Str: 22    XL:     7   Next: 3%
Magic:  15/15 (6)  EV:  4    Int:  8    God:    Makhleb [......]
Gold:   160        SH: 10    Dex: 12    Spells: 6/6 levels left

rFire    . . .     SeeInvis .   a - +0 war axe
rCold    . . .     Faith    .   c - +0 kite shield
rNeg     . . .     Spirit   .   e - +0 plate armour
rPois    .         Reflect  .   (no helmet)
rElec    .         Harm     .   (no cloak)
rCorr    .         Rampage  .   (no gloves)
MR       +....                  (no boots)
Stlth    ..........             (no amulet)
HPRegen  0.00/turn              (no ring)
MPRegen  0.14/turn              k - ring of magical power

@: mesmerised, non-regenerating
A: damage resistance, heal wounds, sense surroundings 1, no regeneration
a: Heal Wounds, Renounce Religion


You were on level 6 of the Dungeon.
You worshipped Makhleb.
Makhleb was noncommittal.
You visited 2 branches of the dungeon, and saw 7 of its levels.

You collected 160 gold pieces.

Inventory:

Hand Weapons
 a - a +0 war axe (weapon)
Armour
 b - a +0 scale mail
 c - a +0 kite shield (worn)
 e - a +0 plate armour (worn)
   (You found it on level 1 of the Dungeon)
Jewellery
 k - a ring of magical power (right hand)
   (You found it on level 4 of the Dungeon)
 n - an uncursed amulet of guardian spirit {unknown}
   (You found it on level 5 of the Dungeon)
 s - an uncursed amulet of faith {unknown}
   (You found it on level 6 of the Dungeon)
Wands
 m - a wand of paralysis (10)
   (You found it on level 4 of the Dungeon)
Scrolls
 f - 2 scrolls of remove curse {unknown}
 h - 6 scrolls of identify {unknown}
 o - 2 scrolls of magic mapping {unknown}
 q - a scroll of fog {unknown}
 r - a scroll of enchant weapon {unknown}
Potions
 d - a potion of might
 g - a potion of ambrosia {unknown}
 i - 2 potions of flight {unknown}
 j - a potion of degeneration {unknown}
 l - 2 potions of heal wounds {unknown}
 p - a potion of brilliance {unknown}


   Skills:
 * Level 4.6 Fighting
 * Level 4.9 Axes
 + Level 4.5 Armour
 + Level 4.5 Shields
 + Level 1.8 Invocations
 + Level 1.7 Evocations


You had 6 spell levels left.
You didn't know any spells.
Your spell library was empty.

Dungeon Overview and Level Annotations

Branches:
Dungeon (6/15)             Temple (1/1) D:4

Altars:
Ashenzari
Cheibriados
Dithmenos
Elyvilon
Gozag
Hepliaklqana
Kikubaaqudgha
Makhleb
Nemelex Xobeh
Okawaru
Qazlal
Ru
Sif Muna
Trog
Uskayaw
Vehumet
Wu Jian
Xom
Zin
The Shining One

Annotations:
D:6 Maggie


Innate Abilities, Weirdness & Mutations

You are resistant to damage.
You can heal yourself by infusing magical energy.
You passively map a small area around you.
You do not regenerate.


Message History

You block Maggie's attack. Maggie hits you with a +0 war axe!
You closely miss Maggie.
Maggie is moderately wounded.
Maggie hits you with a +0 war axe.
You barely miss Maggie.
Maggie is moderately wounded.
Maggie casts a spell.
Maggie draws you further into her thrall.
You slash Maggie!
Maggie is heavily wounded.
Maggie gestures at you while chanting. The bolt of fire hits you!!
* * * LOW HITPOINT WARNING * * *
You slash Maggie!
Maggie is severely wounded.
Maggie casts a spell.
Maggie draws you further into her thrall.
Maggie gestures at you while chanting. The bolt of fire hits you!
You die...

* ### , ..# ##.# *
* #... , #..#* **
##..# #####..@# *
, .......@#
#######.#
*#####...#
#.......#
##..###.#####.# *
, #............>.
,
.............#####
, * ###..######..#
* ,* * , #.. #..#
, * #.. #..####.#
.=. ##.....#


You could see Maggie (mesmerising).

Vanquished Creatures
  An ogre (D:6)
  A bullfrog (D:6)
  2 scorpions
  An orc wizard (D:5)
  An orc priest (D:5)
  2 bullfrog skeletons
  A worker ant (D:5)
  A worker ant zombie (D:5)
  3 adders
  4 gnolls (D:5)
  A shadow imp (D:5)
  An ufetubus (D:5)
  An ooze (D:4)
  A dart slug (D:1)
  A leopard gecko (D:5)
  7 orcs
  2 giant cockroaches
  3 goblins
  5 hobgoblins
  2 jackals (D:1)
  4 quokkas
  2 ball pythons (D:5)
  A bat (D:1)
  6 frilled lizards
  2 jackal skeletons
  3 kobolds
  A quokka skeleton (D:5)
  4 rats
64 creatures vanquished.

Notes
Turn   | Place    | Note
-------+----------+-------------------------------------------
     0 | D:1      | Flugslaktarn the Deep Dwarf Fighter began the quest for the
                  | Orb.
     0 | D:1      | Reached XP level 1. HP: 20/20 MP: 1/1
    66 | D:1      | Reached XP level 2. HP: 27/27 MP: 2/2
   169 | D:3      | Reached XP level 3. HP: 34/34 MP: 3/3
   368 | D:4      | Reached XP level 4. HP: 30/42 MP: 4/4
   718 | D:4      | Found a staircase to the Ecumenical Temple.
   792 | Temple   | Entered the Ecumenical Temple
   989 | D:2      | Found a shimmering blue altar of Sif Muna.
  1048 | D:2      | Found a hazy altar of Hepliaklqana.
  1073 | D:2      | Found a glowing silver altar of Zin.
  1208 | D:5      | Entered Level 5 of the Dungeon
  1219 | D:5      | Reached XP level 5. HP: 50/50 MP: 5/5
  1478 | D:5      | Found a burning altar of Makhleb.
  1478 | D:5      | Found a sparkling altar of Nemelex Xobeh.
  1479 | D:5      | Found a sacrificial altar of Ru.
  1485 | D:5      | Became a worshipper of Makhleb the Destroyer
  1533 | D:5      | Reached XP level 6. HP: 44/57 MP: 5/5
  1962 | D:6      | Reached skill level 1 in Invocations
  1962 | D:6      | Reached skill level 1 in Evocations
  2049 | D:6      | Reached XP level 7. HP: 59/66 MP: 6/6
  2061 | D:6      | Noticed Maggie
  2082 | D:6      | Killed from afar by Maggie

Illustrated notes

Levels and vault maps discovered:
D:1:      eino_arrival_tree_alley, layout_rooms, serial_glass, glass_columns_a,
          glass_columns_c, glass_columns_b, glass_columns_a, glass_columns_a,
          glass_columns_c, chequers_serial_rivers_micro_e, st_stairs_9,
          minmay_pentomino_u2
D:2:      layout_loops_ring, nicolae_overflow_crystal_walls,
          overflow_temple_1_default, overflow_temple_1_default,
          supply_closet_lemuel
D:3:      layout_basic
D:4:      layout_gridville, minmay_temple_entry_enclosed_plants, serial_glass,
          glass_columns_a, glass_columns_a
D:5:      layout_gridville, chequers_temple_overflow_statue_of_worship,
          lemuel_statue_altar
D:6:      layout_loops_ring, uniq_blork_the_orc, uniq_maggie, uniq_eustachio
Temple:   zaba_magenta_temple

Skill      XL: |  1  2  3  4  5  6 |
---------------+-------------------+-----
Fighting       | 3 4 |  4.6
Axes           | 3 4 |  4.9
Shields        | 4 |  4.5
Armour         | 4 |  4.5
Invocations    | 1 |  1.8
Evocations     | 1 |  1.7

Action                   |  1- 3 |  4- 6 |  7- 9 || total
-------------------------+-------+-------+-------++-------
Melee: War axe           |    82 |   176 |    17 ||   275
 Abil: Heal Wounds       |     1 |     6 |     1 ||     8
Armor: Scale mail        |    11 |       |       ||    11
       Plate armour      |    46 |   106 |     3 ||   155
Dodge: Dodged            |    23 |    38 |     1 ||    62
Block: Kite shield       |    54 |   108 |     4 ||   166

Table legend: (Time is in decaauts)
 A = Elapsed time spent in this place.
 B = Non-inter-level travel time spent in this place.
 C = Inter-level travel time spent in this place.
 D = Time resting spent in this place.
 E = Time spent auto-exploring this place.
 F = Levels seen in this place.
 G = Mean time per level.
                   A        B        C        D        E       F      G
               +--------+--------+--------+--------+--------+-----+--------+
         Total |   2189 |   1895 |    294 |      0 |   1338 |   7 |  312.7 |
       Dungeon |   2112 |   1837 |    275 |      0 |   1281 |   6 |  352.0 |
        Temple |     76 |     58 |     18 |      0 |     57 |   1 |   76.0 |
               +--------+--------+--------+--------+--------+-----+--------+

Top non-repeatable levels by time:
     D:5: 760 daAuts
     D:4: 586 daAuts
     D:3: 272 daAuts
     D:2: 201 daAuts
     D:6: 171 daAuts
     D:1: 120 daAuts
  Temple: 76 daAuts
